 Dungeon Crawl Stone Soup version 0.23.2-1-ga50397a (webtiles) character file.

Game seed: 5220685264529188970

383 IBeShadow the Skirmisher (level 6, -4/91 HPs)
             Began as a Naga Fighter on May 8, 2019.
             Slain by a gnoll
             ... wielding a +0 spear
              (6 damage)
             ... on level 4 of the Dungeon.
             The game lasted 00:08:51 (3382 turns).

IBeShadow the Skirmisher (Naga Fighter)             Turns: 3382, Time: 00:08:52

Health: -4/91      AC:  5    Str: 26    XL:     6   Next: 76%
Magic:  6/6        EV:  7    Int:  8    God:
Gold:   174        SH:  0    Dex: 10    Spells: 5/5 levels left

rFire    . . .     SeeInvis +   a - +0 war axe
rCold    . . .     Gourm    .   (no shield)
rNeg     . . .     Faith    .   b - +0 scale mail
rPois    +         Spirit   .   (no helmet)
rElec    .         Reflect  .   (no cloak)
rCorr    .         Harm     .   (no gloves)
MR       .....                  (no barding)
Stlth    ..........             (no amulet)
HPRegen  0.25/turn              (no ring)
MPRegen  0.10/turn              (no ring)

@: berserking (expiring), quick
A: large, see invisible, deformed body, poison resistance, slowness 2, slow
metabolism 1, spit poison 1, AC +2
a: Spit Poison


You were on level 4 of the Dungeon.
You were not hungry.

You visited 1 branch of the dungeon, and saw 4 of its levels.

You collected 174 gold pieces.

Inventory:

Hand Weapons
 a - a +0 war axe (weapon)
Armour
 b - a +0 scale mail (worn)
Jewellery
 u - an uncursed ring of protection from cold {unknown}
Scrolls
 e - a scroll of remove curse {unknown}
 h - a scroll of immolation {unknown}
 i - 3 scrolls of amnesia {unknown}
 l - 2 scrolls of identify
 m - a scroll of magic mapping {unknown}
 o - a scroll of fog {unknown}
 p - a scroll of teleportation
 s - a scroll of noise {unknown}
 t - 3 scrolls of enchant weapon {unknown}
Potions
 c - a potion of brilliance {unknown}
 d - a potion of might
 g - 4 potions of curing
 j - a potion of agility
 q - a potion of magic {unknown}
 r - a potion of degeneration {unknown}
Comestibles
 f - 4 rations


   Skills:
 * Level 5.2 Fighting
 * Level 4.6 Axes
 - Level 2.4 Armour
 + Level 4.3 Stealth
   Level 2.4 Shields


You had 5 spell levels left.
You didn't know any spells.
Your spell library was empty.

Dungeon Overview and Level Annotations

Branches:
Dungeon (4/15)
 Temple: D:4-7

Altars:
Ashenzari
Fedhas
Qazlal


Innate Abilities, Weirdness & Mutations

You cannot wear boots.
Your serpentine skin is tough. (AC +2)
You have supernaturally acute eyesight. (SInv)
Armour fits poorly on your strangely shaped body.
Your system is resistant to poisons. (rPois)
You cover ground very slowly.
You have a slow metabolism.
You can spit poison.


Message History

You kill the gnoll shaman!
You hit the gnoll.
You have got your breath back.
The gnoll hits you from afar with a +0 spear.
* * * LOW HITPOINT WARNING * * *
The gnoll hits you but does no damage.
You closely miss the gnoll.
The gnoll is severely wounded.
The gnoll hits you but does no damage. The gnoll hits you.
* * * LOW HITPOINT WARNING * * *
You slash the gnoll!
You kill the gnoll!
The gnoll completely misses you. The gnoll hits you with a +0 spear.
* * * LOW HITPOINT WARNING * * *
You see here a gnoll corpse.
You slash the gnoll!
The gnoll is heavily wounded.
The gnoll hits you with a +0 spear.
You die...

.#..#........##
..#$...........
#..#...........
.#..#..........
..#..).........
#..#...........
.#..#..........
..#?...g.......
#..#..)@.......
.#..#.#........
..#............
#..#...........
...............
#...##+#......#...
#.................
#....#.#..........
#....#.#..........


You could see a gnoll.

Vanquished Creatures
  A gnoll shaman (D:4)
  A centaur skeleton (D:4)
  An iguana (D:4)
  Natasha (thrice) (D:2)
  A worker ant (D:3)
  2 gnolls (D:4)
  5 adders (D:2)
  A howler monkey skeleton (D:3)
  An ooze (D:1)
  4 worms
  5 dart slugs
  3 leopard geckos
  8 orcs (D:3)
  5 giant cockroaches (D:2)
  11 goblins
  10 hobgoblins
  9 jackals
  4 ball pythons
  7 bats
  5 frilled lizards
  10 kobolds
  3 rats
100 creatures vanquished.

Vanquished Creatures (others)
  A quokka (D:2)
1 creature vanquished.

Grand Total: 101 creatures vanquished

Notes
Turn   | Place    | Note
-------+----------+-------------------------------------------
     0 | D:1      | IBeShadow the Naga Fighter began the quest for the Orb.
     0 | D:1      | Reached XP level 1. HP: 21/21 MP: 1/1
   233 | D:1      | Reached XP level 2. HP: 13/28 MP: 2/2
   235 | D:1      | Reached skill level 1 in Stealth
   764 | D:1      | Reached XP level 3. HP: 34/34 MP: 3/3
  1148 | D:2      | Noticed Natasha
  1154 | D:2      | Killed Natasha
  1154 | D:2      | Reached XP level 4. HP: 44/44 MP: 4/4
  1207 | D:2      | Reached skill level 4 in Fighting
  1763 | D:2      | Reached XP level 5. HP: 45/50 MP: 5/5
  1890 | D:2      | Found a stormy altar of Qazlal.
  1890 | D:2      | Noticed Natasha
  1908 | D:2      | Killed Natasha
  2125 | D:2      | Noticed Natasha
  2136 | D:2      | Killed Natasha
  2235 | D:2      | Found a blossoming altar of Fedhas.
  2724 | D:3      | Reached XP level 6. HP: 58/58 MP: 6/6
  3318 | D:4      | Reached skill level 5 in Fighting
  3322 | D:4      | Found a shattered altar of Ashenzari.
  3381 | D:4      | HP: 1/91 [gnoll/+0 spear (4)]
  3382 | D:4      | Slain by a gnoll

Skill      XL: |  1  2  3  4  5  6 |
---------------+-------------------+-----
Stealth        | 1 2 3 4 |  4.3
Axes           | 3 4 |  4.6
Fighting       | 4 5 |  5.2
Armour         | |  2.4
Shields        | |  2.4

Action                   |  1- 3 |  4- 6 || total
-------------------------+-------+-------++-------
Melee: War axe           |    60 |   227 ||   287
 Abil: Spit Poison       |     5 |    12 ||    17
  Use: Scroll            |       |     2 ||     2
       Potion            |       |     1 ||     1
  Eat: Chunk             |       |     7 ||     7
Armor: Scale mail        |    30 |   138 ||   168
Dodge: Dodged            |    25 |   125 ||   150
